AoeStats
← lan_aej

Arabia

503164809Analyzed
1v1 RM · 1mo ago on Aug 30, 2026· 43m 33s· 2 players
Game mode
Random Map
Map size
Tiny (2 player)
Population
200
Speed
Normal
Resources
Standard
Victory
Conquest
Starting age
Dark Age
Ending age
Imperial Age
RankedLock teamsTeams togetherTeam positionsShared explorationLock speedFull tech treeHidden civsTurbo modeCheats
Victory
Defeat
🇪🇸 Byzantines · Spain
757
+16
🇲🇽 Portuguese · Mexico
751
-16
lan_aej
11:58 Feudal Age
12:57 Horse Collar
13:57 Loom
17:00 Scale Barding Armor
19:37 Bloodlines
25:38 Castle Age
24:04 Man-at-Arms
24:46 Gold Mining
25:36 Arson
25:57 Scale Mail Armor
27:18 Wheelbarrow
26:44 Long Swordsman
27:37 Gambesons
30:38 Double-Bit Axe
31:04 Pikeman
39:13 Imperial Age
37:18 Pikeman
40:29 Bow Saw
41:06 Two-Handed Swordsman
42:15 Light Cavalry
Charlestone
7:54 Loom
10:22 Feudal Age
12:24 Double-Bit Axe
17:32 Forging
21:08 Castle Age
19:23 Scale Mail Armor
21:29 Stone Mining
22:26 Iron Casting
21:16 Pikeman
24:03 Squires
27:31 Horse Collar
28:54 Scale Barding Armor
30:24 Chain Barding Armor
35:57 Imperial Age
33:50 Elite Skirmisher
35:20 Ballistics
37:06 Conscription
36:19 Halberdier
36:26 Heavy Camel Rider
38:15 Chain Mail Armor
37:55 Gambesons
38:17 Gold Mining
39:12 Bow Saw
39:37 Plate Mail Armor
38:58 Fletching
39:09 Padded Archer Armor
41:36 Chemistry
40:45 Bodkin Arrow
41:36 Thumb Ring
43:19 Bracer
44:06 Wheelbarrow
Connection lost

Rejoining the realm…

Still unreachable

The connection could not be restored.

Session expired

The server has moved on; the page needs a fresh start.